 Dungeon Crawl Stone Soup version bcrawl-1.21.3-16-g7f46a08de7 (webtiles) character file.

Game seed: 15875083275164541097

2816 Chiseanne the Ducker (level 9, 0/71 HPs)
             Began as a Demonspawn Archaeologist on May 3, 2020.
             Slain by a troll (8 damage)
             ... on level 7 of the Dungeon.
             The game lasted 00:12:35 (6480 turns).

Chiseanne the Ducker (Demonspawn Archaeologist)     Turns: 6480, Time: 00:12:36

Health: 0/71       AC: 12    Str: 18    XL:     9   Next: 44%
Magic:  9/9        EV: 14    Int: 16    God:
Gold:   201        SH: 17    Dex: 22    Spells: 8/8 levels left

rFire    + . .     SeeInvis .   a - +6 hand axe (vamp)
rCold    + . .     Gourm    .   t - +2 medium shield
rNeg     . . .     Faith    .   n - +0 ring mail
rPois    .         Spirit   .   c - +1 hat
rElec    .         Reflect  .   x - scarf {rC+ rF+}
rCorr    .         Harm     .   w - +0 pair of gloves
MR       .....                  d - +1 pair of boots
Stlth    +.........             f - amulet "Lesmupp" {Regen+ Str+4 Dex+7 Stlth-}
HPRegen  0.61/turn              j - +3 ring of dexterity
MPRegen  0.11/turn              C - +2 ring of protection

@: no status effects
A: claws 2, large bone plates 1, powered by death 2
a: no special abilities


You were on level 7 of the Dungeon.
You were not hungry.

You visited 1 branch of the dungeon, and saw 7 of its levels.

You collected 397 gold pieces.
You spent 196 gold pieces at shops.

Inventory:

Hand Weapons
 a - a +6 vampiric hand axe (weapon)
 y - a +0 blowgun
 G - a cursed -2 scimitar
Missiles
 b - 335 bolts
 k - 1223 stones (quivered)
 m - 677 arrows
 r - 186 poisoned needles
 s - a throwing net {!f}
 u - 184 javelins
 v - 351 sling bullets
 A - 44 tomahawks
Armour
 c - a +1 hat (worn)
 d - a +1 pair of boots (worn)
 n - a +0 ring mail (worn)
 t - a +2 medium shield (worn)
 w - a +0 pair of gloves (worn)
 x - a scarf of resistance (worn)
Magical Staves
 h - an uncursed staff of wizardry
Jewellery
 f - the amulet "Lesmupp" (around neck) {Regen+ Str+4 Dex+7 Stlth-}
   (You acquired it on level 2 of the Dungeon)

   [amulet of regeneration]

   It affects your strength (+4).
   It affects your dexterity (+7).
   It increases your rate of regeneration.
   It makes you less stealthy.
 j - a +3 ring of dexterity (left hand)
 C - a +2 ring of protection (right hand)
Wands
 B - a wand of random effects (10)
 H - a wand of flame (13)
Scrolls
 g - 2 scrolls of magic mapping
 l - 2 scrolls of remove curse
 p - a scroll of identify
 q - 4 scrolls of teleportation
 z - a scroll of enchant armour
 F - a scroll of vulnerability {unknown}
Potions
 i - 2 potions of mutation
 o - 5 potions of lignification
 D - 2 potions of brilliance
Comestibles
 e - 13 rations {!d}
 E - 3 chunks of flesh


   Skills:
 * Level 6.4 Fighting
 * Level 3.1(3.2) Axes
   Level 0.8(2.1) Maces & Flails
 * Level 5.4 Armour
 * Level 6.4 Dodging
 - Level 3.0 Stealth
 * Level 5.3 Shields


You had 8 spell levels left.
You didn't know any spells.
Your spell library contained the following spells:

 Spells                   Type           Power        Failure   Level  Hunger
 Summon Small Mammal      Summ           #...         83%         1    ##.....
 Call Imp                 Summ           #.....       92%         2    ###....
 Call Canine Familiar     Summ           #.......     99%         3    ####...
 Summon Ice Beast         Ice/Summ       #.......     100%        4    #####..
 Summon Lightning Spire   Summ/Air       #.......     100%        5    ######.


Dungeon Overview and Level Annotations

Branches:
Dungeon (7/12)             Temple (0/1) D:7
   Lair: D:7-9

Altars:
Cheibriados
Dithmenos
Elyvilon
Fedhas
Hepliaklqana
Nemelex Xobeh
Qazlal
Ru
Trog
Uskayaw
Zin

Shops:
D:7 [


Innate Abilities, Weirdness & Mutations

You have very sharp fingernails.
You are partially covered in large bone plates. (SH +4)
You regenerate health from kills.


Message History

You block the troll's attack. x3; The troll claws you but does no damage.
You slash the troll!
You feel better.
The troll is severely wounded.
You block the troll's attack. The troll barely misses you.
The troll claws you but does no damage.
Your shield and ring mail prevent you from hitting the troll.
The troll is severely wounded.
The troll bites you!
* * * LOW HITPOINT WARNING * * *
You block the troll's attack. The troll claws you!
* * * LOW HITPOINT WARNING * * *
You closely miss the troll.
The troll is severely wounded.
The troll bites you but does no damage. You block the troll's attack.
The troll claws you.
* * * LOW HITPOINT WARNING * * *
You hit the troll.
The troll is severely wounded.
The troll bites you!
You die...

##.##
##......####..####. ###
#.......# #.[..#...
###.<#..###........
#...#..#.....##...
#............[....
####............#...
###............#..#...
##..............##.....
#....T@....##..........
###................##..
#.....................
#......##.............
####............##....
#.#.#........##....
#####.......##..##.
##>....#....#..
#.....#.##....


You could see a troll.

Vanquished Creatures
  The ghost of Quickbrownfox the Grave Robber, a novice FrNe (D:5)
  Grinder (D:5)
  A hippogriff (D:7)
  Sigmund (D:2)
  Edmund (D:4)
  Menkaure (D:4)
  A phantom (D:3)
  An ogre (D:6)
  2 centaurs (D:6)
  2 big kobolds (D:6)
  3 bullfrogs
  A gnoll sergeant (D:4)
  3 scorpions
  A howler monkey (D:7)
  5 wights
  3 crimson imps
  2 bullfrog zombies
  A hound (D:6)
  3 orc wizards (D:3)
  3 iguanas
  An orc priest (D:4)
  A bullfrog skeleton (D:5)
  Terence (D:3)
  A worker ant (D:4)
  A hound skeleton (D:6)
  A worker ant zombie (D:6)
  5 adders
  An ooze (D:3)
  2 adder zombies
  An adder skeleton (D:4)
  3 worms
  A dart slug (D:2)
  7 leopard geckos
  15 orcs
  5 ball pythons
  2 giant cockroaches
  7 goblins
  10 hobgoblins
  14 jackals
  16 kobolds
  5 quokkas
  5 bats
  6 frilled lizards
  A jackal skeleton (D:5)
  A quokka skeleton (D:5)
  5 rats
155 creatures vanquished.

Notes
Turn   | Place    | Note
-------+----------+-------------------------------------------
     0 | D:1      | Chiseanne the Demonspawn Archaeologist began the quest for
                  | the Orb.
     0 | D:1      | Reached XP level 1. HP: 15/15 MP: 1/1
   443 | D:1      | Gained mutation: You have sharp fingernails. [demonic
                  | ancestry]
   443 | D:1      | Reached XP level 2. HP: 15/21 MP: 2/2
  1346 | D:1      | Gained mutation: You are partially covered in large bone
                  | plates. (SH +4) [demonic ancestry]
  1346 | D:1      | Reached XP level 3. HP: 27/27 MP: 3/3
  1705 | D:2      | Reached skill level 1 in Armour
  2001 | D:2      | Noticed Sigmund
  2018 | D:2      | Killed Sigmund
  2018 | D:2      | Reached skill level 1 in Shields
  2018 | D:2      | Gained mutation: You have very sharp fingernails. [demonic
                  | ancestry]
  2018 | D:2      | Reached XP level 4. HP: 16/35 MP: 4/4
  2018 | D:2      | Reached XP level 5. HP: 19/41 MP: 5/5
  2018 | D:2      | Identified a scroll of acquirement
  2171 | D:2      | Identified the amulet "Lesmupp" {Regen+ Str+4 Dex+7 Stlth-}
                  | (You acquired it on level 2 of the Dungeon)
  2671 | D:3      | Gained mutation: You regenerate a little health from kills.
                  | [demonic ancestry]
  2671 | D:3      | Reached XP level 6. HP: 45/47 MP: 6/6
  2826 | D:3      | Noticed Terence
  2846 | D:3      | Killed Terence
  2969 | D:3      | Found a faded altar of an unknown god.
  3390 | D:3      | Gained mutation: You regenerate health from kills. [demonic
                  | ancestry]
  3390 | D:3      | Reached XP level 7. HP: 53/53 MP: 7/7
  3685 | D:4      | Noticed Edmund
  3701 | D:4      | Killed Edmund
  3983 | D:4      | Reached skill level 5 in Dodging
  4034 | D:4      | Noticed Menkaure
  4038 | D:4      | Killed Menkaure
  4165 | D:4      | Found a stormy altar of Qazlal.
  4189 | D:4      | Found a bloodstained altar of Trog.
  4292 | D:5      | Entered Level 5 of the Dungeon
  4307 | D:5      | Reached XP level 8. HP: 36/61 MP: 8/8
  4308 | D:5      | Found a sparkling altar of Nemelex Xobeh.
  4354 | D:5      | Noticed Grinder
  4376 | D:5      | Killed Grinder
  4376 | D:5      | Reached skill level 5 in Fighting
  4423 | D:5      | Found a runed translucent gate.
  4423 | D:5      | Found a runed translucent gate.
  4424 | D:5      | Found a runed translucent gate.
  4426 | D:5      | Noticed Quickbrownfox's ghost (novice FrNe)
  4462 | D:5      | Killed Quickbrownfox's ghost
  4462 | D:5      | Reached skill level 1 in Axes
  4642 | D:5      | Found a white marble altar of Elyvilon.
  4642 | D:5      | Found a blossoming altar of Fedhas.
  4642 | D:5      | Found a shadowy altar of Dithmenos.
  4648 | D:5      | Found a sacrificial altar of Ru.
  4648 | D:5      | Found a snail-covered altar of Cheibriados.
  5281 | D:6      | Reached XP level 9. HP: 20/69 MP: 9/9
  5309 | D:6      | Reached skill level 5 in Armour
  5418 | D:6      | Reached skill level 5 in Shields
  5717 | D:6      | Found a hide-covered altar of Uskayaw.
  6110 | D:7      | Found a glowing silver altar of Zin.
  6157 | D:7      | Found a hazy altar of Hepliaklqana.
  6270 | D:7      | Found Yfuaqa's Antique Armour Shop.
  6273 | D:7      | Bought a garnet-encrusted leather armour for 196 gold
                  | pieces
  6275 | D:7      | Identified the +2 leather armour of the City {-Cast *Drain
                  | rPois rN++} (You bought it in a shop on level 7 of the
                  | Dungeon)
  6407 | D:7      | Found a staircase to the Ecumenical Temple.
  6458 | D:7      | Noticed a troll
  6480 | D:7      | Slain by a troll

Skill      XL: |  1  2  3  4  5  6  7  8  9 |
---------------+----------------------------+-----
Dodging        | 3 4 5 6 |  6.4
Fighting       | 2 3 4 5 6 |  6.4
Armour         | 2 3 4 5 |  5.4
Shields        | 1 2 3 4 5 |  5.3
Axes           | 2 3 |  3.1
Maces & Flails | |  0.8
Stealth        | |  3.0

Action                   |  1- 3 |  4- 6 |  7- 9 || total
-------------------------+-------+-------+-------++-------
Melee: Whip              |    61 |       |       ||    61
       Hand axe          |   135 |   131 |   363 ||   629
 Fire: Blowgun           |       |       |     4 ||     4
Throw: Stone             |       |       |     1 ||     1
  Use: Scroll            |     5 |     5 |    12 ||    22
       Potion            |     2 |       |     1 ||     3
 Stab: Sleeping          |     4 |       |       ||     4
       Distracted        |     1 |       |       ||     1
  Eat: Chunk             |     4 |     4 |     8 ||    16
       Ration            |       |       |     1 ||     1
Armor: Robe              |    30 |       |       ||    30
       Ring mail         |    67 |    38 |    74 ||   179
       Skin              |       |       |    17 ||    17
Dodge: Dodged            |   150 |    41 |   104 ||   295
Block: Medium shield     |    56 |    93 |   319 ||   468
       Other             |     2 |       |       ||     2
